[Event "Titled Tuesday Blitz November 22 Late 2022"]
[White "Koutlas, Nikolaos"]
[Black "Sargsyan, Anna M."]
[WhiteFideId "25827138"]
[BlackFideId "13308130"]
[WhiteElo "2167"]
[BlackElo "2284"]
[Result "1-0"]
[Round "08"]
[TimeControl "180+1"]
[Date "2022.11.23"]
[WhiteClock "0:00:56"]
[BlackClock "0:00:07"]

1. b3 e5 2. Bb2 Nc6 3. e3 Nf6 4. Nc3 d5 5. Bb5 Bd6 6. Nf3 O-O 7. O-O Bg4 8. h3 Bh5 9. Be2 Re8 10. Nb5 e4 11. Nh4 Bxe2 12. Qxe2 Be5 13. Bxe5 Nxe5 14. d4 Ned7 15. c4 c6 16. Nd6 Re6 17. Nxb7 Qb6 18. cxd5 Nxd5 19. Nc5 Nxc5 20. dxc5 Qxc5 21. Rac1 Qa5 22. Nf5 Rg6 23. Qc4 Re8 24. a4 h5 25. Rfd1 Qd8 26. Qf1 Qg5 27. Nd4 Nb4 28. Rc4 Nd3 29. Rxc6 Rxc6 30. Nxc6 Rc8 31. Nd4 h4 32. f4 Qg3 33. Qe2 Rc5 34. b4 Nxb4 35. Nb3 Rc2 36. Rd8+ 1-0


[Site "https://www.chess.com"]

[Event "Titled Tuesday Blitz November 22 Late 2022"]
[White "Lewtak, Damian"]
[Black "Tanenbaum, Zachary"]
[WhiteFideId "1141724"]
[BlackFideId "2060850"]
[WhiteElo "2329"]
[BlackElo "2175"]
[Result "0-1"]
[Round "08"]
[TimeControl "180+1"]
[Date "2022.11.23"]
[WhiteClock "0:00:36"]
[BlackClock "0:00:34"]

1. e4 e5 2. Nf3 Nc6 3. Bb5 a6 4. Ba4 d6 5. c3 Nf6 6. d4 b5 7. Bb3 Be7 8. O-O O-O 9. h3 Bb7 10. Re1 Nb8 11. Nbd2 Nbd7 12. a4 Re8 13. d5 c6 14. dxc6 Bxc6 15. Nf1 Nxe4 16. Ne3 Ndc5 17. Bd5 Qd7 18. Bxc6 Qxc6 19. Nd5 Nf6 20. Nxe7+ Rxe7 21. Bg5 Re6 22. axb5 axb5 23. Bxf6 Rxf6 24. Qe2 Rxa1 25. Rxa1 h6 26. Ra7 Ne6 27. Nd2 Nf4 28. Qe4 Qxe4 29. Nxe4 Rg6 30. g3 Nxh3+ 31. Kf1 d5 32. Nc5 Rf6 33. Kg2 Rxf2+ 34. Kxh3 f5 35. Nd3 Re2 36. Re7 g5 37. g4 Re3+ 38. Kg2 Rxd3 39. gxf5 e4 40. Kf2 Rf3+ 41. Ke2 Rxf5 0-1


[Site "https://www.chess.com"]

[Event "Titled Tuesday Blitz November 22 Late 2022"]
[White "Lopez Gracia, Fernando"]
[Black "Young, Ryan"]
[WhiteFideId "2207184"]
[BlackFideId "2049945"]
[WhiteElo "2445"]
[BlackElo "2324"]
[Result "1/2-1/2"]
[Round "08"]
[TimeControl "180+1"]
[Date "2022.11.23"]
[WhiteClock "0:00:38"]
[BlackClock "0:00:17"]

1. c4 g6 2. e4 e5 3. Nf3 Bg7 4. d4 Nc6 5. Be3 d6 6. d5 Nce7 7. h4 Nf6 8. Nc3 O-O 9. Be2 Nd7 10. g4 a5 11. Nd2 b6 12. h5 Nc5 13. Qc2 Bd7 14. O-O-O Qc8 15. Rdg1 Rb8 16. f3 Qe8 17. Rg2 b5 18. cxb5 a4 19. Bxc5 dxc5 20. a3 Nc8 21. Rgh2 Nd6 22. hxg6 hxg6 23. Qxa4 Nxb5 24. Nxb5 Bxb5 25. Bxb5 Rxb5 26. Nc4 Qb8 27. Qc2 Rb3 28. Qd2 Rxf3 29. Rh8+ Bxh8 30. Qh6 Rf1+ 31. Rxf1 Bg7 32. Qh4 Qb3 33. Nd2 Qd3 34. Qf2 Bh6 35. Rh1 Bxd2+ 36. Qxd2 Qxe4 37. Qh6 Qf4+ 38. Qxf4 exf4 39. Rf1 g5 40. Re1 Rd8 41. Re5 f6 42. Rf5 Kf7 43. Kc2 Rd6 44. Kc3 Rd8 45. Kc4 Rb8 46. b4 cxb4 47. axb4 Re8 48. Kc5 Re3 49. Kc6 Rc3+ 50. Kd7 f3 51. b5 Kg6 52. d6 cxd6 53. b6 Rb3 54. Kc7 d5 55. Rxd5 f2 56. Rf5 Rb2 57. b7 Rc2+ 58. Kb8 Rb2 59. Kc8 Rc2+ 60. Kd7 Rd2+ 61. Kc6 Rc2+ 62. Kd6 Rd2+ 63. Ke7 Rb2 64. Rxf6+ Kg7 65. Rf7+ Kg6 66. Kf8 Rxb7 67. Rxf2 Rb8+ 68. Ke7 Rb7+ 69. Ke6 Rb6+ 70. Ke5 Rb5+ 71. Ke4 Rb4+ 72. Kf3 Rf4+ 73. Kg3 Rxf2 74. Kxf2 Kf6 75. Kf3 Kf7 76. Ke4 Kg8 77. Kf5 Kf8 78. Kxg5 Kg7 79. Kf4 Kf6 80. g5+ Kg6 81. Kg4 Kg7 82. Kf5 Kf7 83. Kf4 Kg6 84. Kg4 Kg7 85. Kh5 Kh7 86. g6+ Kg7 87. Kg5 Kg8 88. Kf5 Kg7 89. Kg5 Kg8 90. Kh6 Kh8 91. Kh5 Kg7 92. Kg5 1/2-1/2


[Site "https://www.chess.com"]

[Event "Titled Tuesday Blitz November 22 Late 2022"]
[White "Machidon, Cristi"]
[Black "Dylag, Emilia"]
[WhiteFideId "13904590"]
[BlackFideId "21805172"]
[WhiteElo "2333"]
[BlackElo "1878"]
[Result "1-0"]
[Round "08"]
[TimeControl "180+1"]
[Date "2022.11.23"]
[WhiteClock "0:00:09"]
[BlackClock "0:00:44"]

1. e4 e5 2. Bc4 Nf6 3. Nc3 c6 4. Nf3 d6 5. d4 exd4 6. Qd3 Be7 7. Qxd4 O-O 8. a4 c5 9. Qd1 Nc6 10. h3 Be6 11. Bxe6 fxe6 12. e5 dxe5 13. Qxd8 Rfxd8 14. Be3 Nd4 15. O-O-O Nxf3 16. gxf3 Kf7 17. Rhg1 Rxd1+ 18. Rxd1 b6 19. a5 Rd8 20. Rxd8 Bxd8 21. a6 Bc7 22. Nb5 Bb8 23. Kd2 Kg6 24. Kd3 Kh5 25. Kc4 Kh4 26. Bxc5 bxc5 27. Kxc5 e4 28. fxe4 Nxe4+ 29. Kc6 Kxh3 30. Kb7 Bd6 31. Nxd6 Nc5+ 32. Kxa7 Nxa6 33. Kxa6 Kg2 34. b4 h5 35. b5 h4 36. b6 h3 37. b7 h2 38. b8=Q h1=Q 39. Qb7+ Kg1 40. Qxh1+ Kxh1 41. c4 g5 42. c5 g4 43. c6 Kg2 44. Ne4 Kf3 45. c7 Kxe4 46. c8=Q Kf3 47. Qxe6 Kxf2 48. Qxg4 1-0


[Site "https://www.chess.com"]

[Event "Titled Tuesday Blitz November 22 Late 2022"]
[White "Maksimovic, Bojan"]
[Black "Gurevich, Dmitry"]
[WhiteFideId "14408120"]
[BlackFideId "2000407"]
[WhiteElo "2447"]
[BlackElo "2506"]
[Result "1-0"]
[Round "08"]
[TimeControl "180+1"]
[Date "2022.11.22"]
[WhiteClock "0:00:07"]
[BlackClock "0:00:02"]

1. e4 c5 2. Nf3 d6 3. d4 cxd4 4. Nxd4 Nf6 5. Nc3 Nc6 6. Bg5 e6 7. Qd2 Be7 8. O-O-O O-O 9. f3 Nxd4 10. Qxd4 a6 11. h4 b5 12. g4 Bb7 13. Bd3 Rc8 14. Kb1 Qc7 15. Bc1 Qc5 16. Qxc5 Rxc5 17. Be3 Rc7 18. h5 h6 19. Rdg1 d5 20. g5 hxg5 21. Bxg5 dxe4 22. fxe4 b4 23. e5 Ne8 24. Bxe7 Bxh1 25. Bxf8 Kxf8 26. Ne2 Bf3 27. Nf4 Rc5 28. Rf1 Rxe5 29. Kc1 Bxh5 30. Bxa6 Rf5 31. Bd3 Re5 32. Nxh5 Rxh5 33. Bg6 Rg5 34. Bxf7 Ke7 35. Bxe8 Kxe8 36. Rf4 Rb5 37. c3 bxc3 38. b4 g5 39. Rg4 Rf5 40. a4 Rf4 41. Rxg5 1-0


[Site "https://www.chess.com"]

[Event "Titled Tuesday Blitz November 22 Late 2022"]
[White "Manelyuk, Daniil"]
[Black "Oganian, Miran"]
[WhiteFideId "44173920"]
[BlackFideId "4122488"]
[WhiteElo "2209"]
[BlackElo "2323"]
[Result "1-0"]
[Round "08"]
[TimeControl "180+1"]
[Date "2022.11.22"]
[WhiteClock "0:00:58"]
[BlackClock "0:00:26"]

1. e4 e6 2. d4 d5 3. Nd2 Nf6 4. e5 Nfd7 5. Bd3 c5 6. c3 Nc6 7. Ne2 cxd4 8. cxd4 f6 9. Nf4 Nxd4 10. Qh5+ Ke7 11. Ng6+ hxg6 12. exf6+ Nxf6 13. Qxh8 Kf7 14. Qh4 e5 15. Nf3 Nxf3+ 16. gxf3 Bf5 17. Bxf5 gxf5 18. Bg5 Rc8 19. O-O Rc4 20. Qh3 Qc8 21. Rad1 Qe6 22. Rfe1 Be7 23. Re2 e4 24. Red2 exf3 25. Bxf6 Bxf6 26. Rxd5 Rg4+ 27. Kh1 Rh4 28. Qxf3 Be5 29. h3 f4 30. Kg2 Kg8 31. Rd8+ Kh7 32. Qe4+ g6 33. R1d7+ Kh6 34. Rh8+ Kg5 35. Rxh4 Kxh4 36. Rh7+ Kg5 37. Rxb7 a5 38. Rb5 Kf6 39. Rxa5 g5 40. Qxe5+ Qxe5 41. Rxe5 Kxe5 42. Kf3 Kd4 43. a4 Kd3 44. a5 1-0


[Site "https://www.chess.com"]

[Event "Titled Tuesday Blitz November 22 Late 2022"]
[White "Marchesich, Giovanni"]
[Black "Antonova, Nadezhda"]
[WhiteFideId "2824790"]
[BlackFideId "14700182"]
[WhiteElo "2200"]
[BlackElo "1813"]
[Result "1-0"]
[Round "08"]
[TimeControl "180+1"]
[Date "2022.11.23"]
[WhiteClock "0:02:07"]
[BlackClock "0:00:31"]

1. d4 Nf6 2. Nc3 g6 3. e4 d6 4. h4 c6 5. h5 Nxh5 6. Bg5 Bg7 7. Qd2 Nf6 8. O-O-O h5 9. f4 Nbd7 10. e5 dxe5 11. fxe5 Ng4 12. Nf3 Bh6 13. Bd3 Bxg5 14. Nxg5 e6 15. Rdf1 O-O 16. Nce4 Qe7 17. Rf4 Nh6 18. Qf2 Kg7 19. Nf6 Nb6 20. Qg3 Ng4 21. Rxg4 1-0


[Site "https://www.chess.com"]

[Event "Titled Tuesday Blitz November 22 Late 2022"]
[White "Melkumyan, Hrant"]
[Black "Paravyan, David"]
[WhiteFideId "13302485"]
[BlackFideId "4194985"]
[WhiteElo "2604"]
[BlackElo "2546"]
[Result "0-1"]
[Round "08"]
[TimeControl "180+1"]
[Date "2022.11.22"]
[WhiteClock "0:00:04"]
[BlackClock "0:00:08"]

1. d4 Nf6 2. c4 g6 3. Nc3 d5 4. cxd5 Nxd5 5. e4 Nxc3 6. bxc3 Bg7 7. Nf3 c5 8. Bb5+ Nc6 9. Bxc6+ bxc6 10. O-O O-O 11. Qc2 Qa5 12. Be3 Rb8 13. h3 Be6 14. dxc5 Qxc3 15. Qxc3 Bxc3 16. Rac1 Bg7 17. Bd4 Rb4 18. Bxg7 Kxg7 19. Ne5 Rc8 20. f3 f6 21. Nd3 Ra4 22. Rf2 Rd8 23. Nf4 Bf7 24. Rb1 e5 25. Ne2 Rxa2 26. Ng3 Rxf2 27. Kxf2 a5 28. Ke3 Bc4 29. Rb7+ Kh6 30. Ra7 Rd3+ 31. Kf2 Rd2+ 32. Kg1 Ra2 33. h4 a4 34. Nh1 a3 35. Nf2 Be6 36. g4 Ra1+ 37. Kg2 a2 38. f4 exf4 39. e5 f3+ 40. Kxf3 Rf1 41. exf6 g5 42. hxg5+ Kxg5 43. Kg3 Rg1+ 44. Kf3 Bd5+ 45. Ke3 a1=Q 46. Ne4+ Bxe4 47. Rxa1 Rxa1 48. f7 Ra8 49. f8=Q Rxf8 50. Kxe4 Kxg4 0-1


[Site "https://www.chess.com"]

[Event "Titled Tuesday Blitz November 22 Late 2022"]
[White "Mgeladze, Tamaz"]
[Black "Khandelwal, Ankush"]
[WhiteFideId "13601202"]
[BlackFideId "413470"]
[WhiteElo "2288"]
[BlackElo "2271"]
[Result "1-0"]
[Round "08"]
[TimeControl "180+1"]
[Date "2022.11.23"]
[WhiteClock "0:00:34"]
[BlackClock "0:00:09"]

1. c4 Nf6 2. Nc3 g6 3. g3 Bg7 4. Bg2 O-O 5. Nf3 d6 6. O-O e5 7. d3 c6 8. Rb1 Re8 9. b4 a6 10. a4 d5 11. cxd5 cxd5 12. Bg5 h6 13. Bxf6 Bxf6 14. e4 d4 15. Nd5 Bg7 16. b5 axb5 17. axb5 Be6 18. Nd2 Nd7 19. Nc4 Bxd5 20. exd5 Nb6 21. Rc1 Nxd5 22. Bxd5 Qxd5 23. Nb6 Qxb5 24. Rb1 Qa6 25. Nxa8 Rxa8 26. Qf3 Re8 27. Rxb7 f5 28. Qd5+ Qe6 29. Qxe6+ Rxe6 30. Rc1 e4 31. Rc8+ Bf8 32. Rbb8 Rf6 33. Rd8 e3 34. Rxd4 exf2+ 35. Kxf2 Kf7 36. Rb7+ Ke6 37. Rb6+ Kf7 38. Rxf6+ Kxf6 39. Rc4 Ke5 40. Rc6 g5 41. h3 h5 42. Ke3 Kd5 43. Rg6 Bc5+ 44. Ke2 g4 45. hxg4 hxg4 46. Ra6 Bd6 47. Ra5+ Ke6 48. Kf2 Be5 49. Ra6+ Kd5 50. Ra8 Bd4+ 51. Ke2 Be5 52. Ra5+ Ke6 53. Kf2 Bd4+ 54. Kg2 Be5 55. Rb5 Bd6 56. d4 Be7 57. Kf2 Bf6 58. Rb6+ Kf7 59. Ke3 Bg5+ 60. Kd3 Ke7 61. d5 Bf6 62. Re6+ Kf7 63. Re2 Be7 64. Kd4 Bd6 65. Re3 Bc7 66. Kc5 Bb8 67. Kc6 Ba7 68. Ra3 Bf2 69. d6 f4 70. d7 Ke7 71. Ra8 Bb6 72. Kxb6 Kxd7 73. gxf4 Ke6 74. Rb8 Kf5 75. Kc5 Kxf4 76. Kd4 g3 77. Rf8+ Kg4 78. Ke3 Kh3 79. Kf3 Kh2 80. Rh8+ 1-0


[Site "https://www.chess.com"]

[Event "Titled Tuesday Blitz November 22 Late 2022"]
[White "Mikhalsky, Vladimir"]
[Black "Lizak, Peter"]
[WhiteFideId "14144352"]
[BlackFideId "731595"]
[WhiteElo "2271"]
[BlackElo "2420"]
[Result "1-0"]
[Round "08"]
[TimeControl "180+1"]
[Date "2022.11.23"]
[WhiteClock "0:00:37"]
[BlackClock "0:00:18"]

1. c4 Nf6 2. Nc3 g6 3. e4 d6 4. d4 Bg7 5. f3 O-O 6. Be3 a5 7. Qd2 a4 8. Bh6 a3 9. b3 e5 10. Bxg7 Kxg7 11. d5 Nfd7 12. h4 h6 13. h5 Qg5 14. Qxg5 hxg5 15. Nge2 Na6 16. Ng3 Nb4 17. O-O-O Nc5 18. Kb1 Bd7 19. Nb5 Bxb5 20. cxb5 Rh8 21. Be2 Rh6 22. Rc1 Ra5 23. Rc3 gxh5 24. Nf5+ Kg6 25. Nxh6 Kxh6 26. Rhc1 b6 27. Rh1 Kg6 28. Bc4 h4 29. Be2 f6 30. Bf1 f5 31. exf5+ Kxf5 32. Bc4 Kf4 33. Re1 Kg3 34. Re2 Ra8 35. Rd2 Kf4 36. Bf1 Kg3 37. Rc4 Nxb3 38. axb3 a2+ 39. Ka1 e4 40. Rxb4 exf3 41. gxf3 h3 42. Rg4+ Kxf3 43. Bxh3 Rh8 44. Rd3+ Ke2 45. Rdg3 c5 46. dxc6 d5 47. Kxa2 d4 48. Rxd4 Ra8+ 49. Ra4 g4 50. Rxa8 gxh3 51. Rxh3 1-0


[Site "https://www.chess.com"]

[Event "Titled Tuesday Blitz November 22 Late 2022"]
[White "Musovic, Armin"]
[Black "Dudzinski, Pawel"]
[WhiteFideId "939935"]
[BlackFideId "1117890"]
[WhiteElo "2288"]
[BlackElo "2086"]
[Result "1/2-1/2"]
[Round "08"]
[TimeControl "180+1"]
[Date "2022.11.23"]
[WhiteClock "0:00:06"]
[BlackClock "0:00:02"]

1. a3 a5 2. Nc3 g6 3. e4 Bg7 4. Bc4 Nc6 5. d3 e5 6. h4 h6 7. Nge2 Nge7 8. h5 g5 9. g4 Nd4 10. Nxd4 exd4 11. Ne2 d5 12. exd5 Bxg4 13. c3 Bxe2 14. Qxe2 dxc3 15. O-O cxb2 16. Bxb2 Bxb2 17. Qxb2 O-O 18. Qf6 Qd6 19. Qxd6 cxd6 20. Rab1 Rab8 21. f4 b5 22. Rxb5 Rxb5 23. Bxb5 f6 24. Re1 Kf7 25. Bd7 Rb8 26. Be6+ Kg7 27. Rc1 f5 28. fxg5 hxg5 29. Rc7 Kf6 30. Rd7 Rh8 31. Rxd6 Rxh5 32. d4 Rh4 33. Bd7+ Kf7 34. Be6+ Ke8 35. Ra6 Rxd4 36. Ra8+ Nc8 37. Rxc8+ Ke7 38. Rc7+ Kd6 39. Rd7+ Ke5 40. Rf7 f4 41. Rf5+ Ke4 42. Rxg5 Kf3 43. Bg4+ Kg3 44. Bh5+ Kh4 45. Rf5 Kg3 46. Kf1 Rd3 47. Ke2 Re3+ 48. Kd2 Rxa3 49. d6 Ra4 50. Kc3 Ra1 51. Rd5 Rc1+ 52. Kb2 Rc8 53. d7 Rd8 54. Be8 f3 55. Kc2 f2 56. Rd3+ Kg2 57. Rd2 Kg1 58. Rxf2 Kxf2 59. Kb3 Ke3 60. Ka4 Kd4 61. Kxa5 Kc5 62. Ka6 Kc6 63. Ka7 Kc7 64. Ka6 Rb8 65. Ka5 Kd6 66. Ka6 Kc7 67. Ka5 Rb2 68. Ka4 Rb1 69. Ka3 Rb8 70. Ka4 Kd6 71. Ka5 Kc7 72. Ka4 Kd6 73. Ka3 Kc5 74. Ka4 Kc4 75. Bf7+ Kc5 76. Be8 Kd6 1/2-1/2


[Site "https://www.chess.com"]

[Event "Titled Tuesday Blitz November 22 Late 2022"]
[White "Naroditsky, Daniel"]
[Black "Sadhwani, Raunak"]
[WhiteFideId "2026961"]
[BlackFideId "35093487"]
[WhiteElo "2628"]
[BlackElo "2656"]
[Result "1/2-1/2"]
[Round "08"]
[TimeControl "180+1"]
[Date "2022.11.22"]
[WhiteClock "0:00:08"]
[BlackClock "0:00:05"]

1. e4 e5 2. Nf3 Nc6 3. Bb5 Nf6 4. O-O Nxe4 5. d4 Nd6 6. Ba4 exd4 7. c3 Be7 8. cxd4 b5 9. Bb3 O-O 10. Nc3 Bb7 11. Re1 Na5 12. Bc2 Re8 13. Nxb5 Nxb5 14. Qd3 g6 15. Qxb5 Bxf3 16. Qxa5 Bb7 17. Bb3 c5 18. Qxd8 Raxd8 19. Rxe7 Rxe7 20. Bg5 Rde8 21. Bxe7 Rxe7 22. dxc5 Re2 23. Ba4 Rxb2 24. Bxd7 Rc2 25. c6 Bxc6 26. Bxc6 Rxc6 27. a4 a5 28. g4 Rc4 29. h3 Kg7 30. Kg2 g5 31. Ra3 h6 32. Kg3 Kg6 33. f3 h5 34. gxh5+ Kxh5 35. Rd3 Rxa4 36. Rd5 Kg6 37. Rd6+ f6 38. Ra6 Kf5 39. Ra7 Ke5 40. Ra6 Kf5 41. Ra7 Ra1 42. Ra6 Ke5 43. h4 gxh4+ 44. Kxh4 f5 45. Kg3 Ra2 46. Ra8 f4+ 47. Kg4 Rg2+ 48. Kh3 Rg3+ 49. Kh2 Rxf3 50. Rxa5+ Kf6 1/2-1/2


[Site "https://www.chess.com"]

[Event "Titled Tuesday Blitz November 22 Late 2022"]
[White "Nasuta, Grzegorz"]
[Black "Wirig, Anthony"]
[WhiteFideId "1141686"]
[BlackFideId "615013"]
[WhiteElo "2440"]
[BlackElo "2487"]
[Result "1-0"]
[Round "08"]
[TimeControl "180+1"]
[Date "2022.11.22"]
[WhiteClock "0:00:15"]
[BlackClock "0:00:14"]

1. e4 c5 2. Nf3 e6 3. d4 cxd4 4. Nxd4 Nf6 5. Nc3 Nc6 6. a3 d6 7. Be3 Be7 8. f3 O-O 9. Qd2 a6 10. g4 Qc7 11. g5 Nd7 12. O-O-O b5 13. Nxc6 Qxc6 14. h4 Ne5 15. f4 Nc4 16. Bxc4 Qxc4 17. Kb1 Rb8 18. b3 Qc6 19. f5 exf5 20. Nd5 Bd8 21. Bd4 Re8 22. Nf6+ Bxf6 23. gxf6 Rxe4 24. Rhg1 f4 25. Rxg7+ Kf8 26. Qg2 Ke8 27. Rxf7 Kxf7 28. Qg7+ Ke6 29. f7 Bb7 30. Qf6+ Kd7 31. f8=Q Rxf8 32. Qxf8 Re8 33. Qf5+ Re6 34. Qxh7+ Kc8 35. Qf5 Qe4 36. Qf8+ Re8 37. Qf6 f3 38. h5 Qe6 39. h6 Qxf6 40. Bxf6 Be4 41. Bd4 d5 42. Rg1 Re6 43. Rh1 Re7 44. Rh2 Rh7 45. Kc1 Kd7 46. Kd2 Ke6 47. Ke3 Kf5 48. Bg7 Kg4 49. Kf2 Kf4 50. Rh1 Kf5 51. Rd1 Ke6 52. Rd2 Kf5 53. c3 Kf4 54. Rd4 Kf5 55. Ke3 Ke6 56. Rd2 a5 57. c4 bxc4 58. bxc4 Kd6 59. cxd5 Bxd5 60. Kd4 Ke6 61. Rb2 Ba8 62. Rb6+ Kf5 63. Ke3 Kg4 64. Kf2 Be4 65. Ra6 Kf4 66. Rxa5 Kg4 67. Ra4 Kf4 68. Rb4 Kf5 69. a4 Bd5 70. a5 Ke6 71. a6 Kd7 72. a7 Bc6 73. Rb8 Kd6 74. a8=Q Bxa8 75. Rxa8 Ke6 76. Ra6+ Kf5 77. Ra3 Kg5 78. Rxf3 Kg4 79. Rg3+ Kf5 80. Kf3 Ke6 81. Kf4 Kf7 82. Kf5 Kg8 83. Ra3 Kf7 84. Ra7+ Kg8 85. Ra8+ Kf7 86. Rf8+ Ke7 87. Kg6 1-0


[Site "https://www.chess.com"]

[Event "Titled Tuesday Blitz November 22 Late 2022"]
[White "Oro, Faustino"]
[Black "Necromon"]
[WhiteFideId "20000197"]
[WhiteElo "2066"]
[BlackElo "2490"]
[Result "1-0"]
[Round "08"]
[TimeControl "180+1"]
[Date "2022.11.23"]
[WhiteClock "0:00:41"]
[BlackClock "0:01:15"]

1. c4 e5 2. g3 Nf6 3. Bg2 d5 4. cxd5 Nxd5 5. Nc3 Nb6 6. Nf3 Nc6 7. d3 Be7 8. O-O O-O 9. a3 Be6 10. b4 a5 11. b5 Nd4 12. Nxe5 Bf6 13. f4 Nb3 14. Bb2 Nxa1 15. Qxa1 Bxe5 16. fxe5 Qd4+ 17. Kh1 Qxe5 18. Ne4 Qh5 19. Bxg7 f5 20. Bxf8 Rxf8 21. Nf6+ Rxf6 22. Qxf6 Qxe2 23. Qd8+ Kf7 24. Qxc7+ Nd7 25. Qxb7 Qxd3 26. Qc6 Ne5 27. Qc7+ Kf6 28. b6 Ng4 29. b7 Bd5 30. Qd8+ Kg6 31. Qxd5 1-0


[Site "https://www.chess.com"]

[Event "Titled Tuesday Blitz November 22 Late 2022"]
[White "Papasimakopoulos, Alexandros"]
[Black "Petrovic, Aleksa"]
[WhiteFideId "4244125"]
[BlackFideId "967629"]
[WhiteElo "2365"]
[BlackElo "2224"]
[Result "1-0"]
[Round "08"]
[TimeControl "180+1"]
[Date "2022.11.23"]
[WhiteClock "0:00:15"]
[BlackClock "0:00:02"]

1. d4 e6 2. c4 Nf6 3. Nc3 Bb4 4. Qc2 O-O 5. a3 Bxc3+ 6. Qxc3 b5 7. cxb5 c6 8. Bg5 cxb5 9. e3 Bb7 10. Nf3 a6 11. Be2 Ne4 12. Bxd8 Nxc3 13. Be7 Re8 14. Bd6 Ne4 15. Bf4 Nc6 16. O-O Ne7 17. Bd3 Rec8 18. Rfc1 Ng6 19. Bc7 Ne7 20. h3 Nf6 21. Bd6 Nf5 22. Bxf5 exf5 23. Ne5 Ne4 24. Bc7 d6 25. Nd7 Nd2 26. Rc3 Ne4 27. Rc2 Nf6 28. Nb6 Be4 29. Rcc1 Nd5 30. Nxa8 Rxa8 31. Bxd6 f6 32. Rc5 Kf7 33. Rac1 Ke6 34. Bh2 Ne7 35. f3 Bd5 36. Kf2 g5 37. Rc7 Ng6 38. Rxh7 Re8 39. Rcc7 g4 40. h4 gxf3 41. gxf3 Bc4 42. h5 Ne7 43. h6 f4 44. Bxf4 Nd5 45. Rc6+ Kf5 46. Rg7 Nxf4 47. exf4 Re2+ 48. Kg3 Re1 49. h7 Rg1+ 50. Kh2 Rxg7 51. h8=Q Rg6 52. Qh5+ 1-0


[Site "https://www.chess.com"]

[Event "Titled Tuesday Blitz November 22 Late 2022"]
[White "Papp, Levente"]
[Black "Fernandez Guillen, Ernesto J."]
[WhiteFideId "751243"]
[BlackFideId "3512428"]
[WhiteElo "2380"]
[BlackElo "2450"]
[Result "0-1"]
[Round "08"]
[TimeControl "180+1"]
[Date "2022.11.23"]
[WhiteClock "0:00:02"]
[BlackClock "0:00:37"]

1. c4 e5 2. g3 Nc6 3. Bg2 f5 4. Nc3 Nf6 5. e3 d6 6. Nge2 g5 7. d4 e4 8. b4 Bg7 9. b5 Ne7 10. h4 h6 11. hxg5 hxg5 12. Rxh8+ Bxh8 13. Qa4 Bd7 14. Qb3 Ng6 15. Bb2 a6 16. a4 Bg7 17. O-O-O axb5 18. axb5 Qe7 19. Kb1 f4 20. gxf4 gxf4 21. Nxf4 Nxf4 22. exf4 Bf5 23. Qc2 O-O-O 24. f3 Re8 25. Re1 d5 26. cxd5 Qb4 27. fxe4 Nxd5 28. Nxd5 Qxe1+ 29. Ka2 Qa5+ 30. Ba3 Be6 31. Qc4 Bf8 32. Nb6+ Kb8 33. d5 Qxa3+ 34. Kb1 cxb6 35. dxe6 Rc8 0-1


[Site "https://www.chess.com"]

[Event "Titled Tuesday Blitz November 22 Late 2022"]
[White "Piesik, Piotr"]
[Black "Yurovskykh, Oleksandr"]
[WhiteFideId "1136194"]
[BlackFideId "14134020"]
[WhiteElo "2316"]
[BlackElo "2265"]
[Result "1/2-1/2"]
[Round "08"]
[TimeControl "180+1"]
[Date "2022.11.23"]
[WhiteClock "0:00:19"]
[BlackClock "0:00:19"]

1. Nf3 g6 2. g3 Bg7 3. d4 d6 4. Bg2 Nd7 5. O-O e5 6. dxe5 dxe5 7. e4 Ngf6 8. Qe2 O-O 9. b3 a5 10. a4 b6 11. Rd1 Ba6 12. Qe1 Re8 13. Bb2 Qe7 14. Nc3 Nc5 15. Bf1 Bb7 16. Nd2 Rad8 17. f3 Ne6 18. Ba3 Qd7 19. Nc4 Qc8 20. Nb5 Nd7 21. Bh3 f6 22. Rd2 Bf8 23. Bxf8 Ndxf8 24. Rad1 Rxd2 25. Rxd2 Rd8 26. Kf2 Ba6 27. Qd1 Rxd2+ 28. Qxd2 Bxb5 29. axb5 Qd8 30. Qxd8 Nxd8 31. Ne3 Kf7 32. Nd5 Nfe6 33. c3 Nc5 34. Nxc7 Nxb3 35. Bf1 Nd2 36. Bd3 a4 37. Ke2 Nb3 38. Bc2 Nc5 39. Nd5 a3 40. Bb1 Na4 41. Kd2 Ne6 42. Ba2 Kg7 43. Kc2 Nec5 44. Nc7 h5 45. Ne8+ Kf8 46. Nxf6 Ke7 47. Nd5+ Kd6 48. Ne3 Nd7 49. Nc4+ Kc7 50. Nxa3 Nac5 51. Nc4 g5 52. Nd2 g4 53. fxg4 hxg4 54. Bc4 Nf6 55. Bd5 Ncd7 56. Bc6 Nc5 57. Kd1 Nd3 58. Ke2 Nb2 59. Nf1 Na4 60. Kd2 Nc5 61. Ke3 Na4 62. c4 Nc5 63. Nd2 Ne6 64. Bd5 Nd4 65. Kf2 Kd6 66. Nf1 Nc2 67. Ne3 Nxe3 68. Kxe3 Kc5 69. Be6 Kb4 70. h3 gxh3 71. Bxh3 Kxc4 72. Bf1+ Kc5 73. Be2 Nh7 74. Kf3 Nf6 75. Bd3 Kd4 76. Ke2 Nh5 77. Bc2 Nxg3+ 78. Kf3 Nh5 79. Kg4 Nf4 80. Kf5 Ne2 81. Ke6 Nc3 82. Kd6 Nxb5+ 83. Kc6 Nc3 84. Kxb6 Nxe4 85. Kb5 Nc3+ 86. Kb4 Nd5+ 87. Kb3 Ne3 88. Bg6 Ng4 89. Kb2 Nf6 90. Kc1 Nd5 91. Kd2 Ne7 92. Bh7 Kd5 93. Ke3 Ke6 94. Be4 Kf6 95. Bc2 Nc8 96. Ke4 Nd6+ 97. Kd5 Nf5 98. Ke4 Nd4 99. Bd3 Ke6 100. Bc4+ Kd6 101. Bg8 Nc6 102. Kd3 Ne7 103. Bh7 Kd5 104. Be4+ Ke6 105. Bh1 Ng6 106. Be4 Nf4+ 107. Ke3 Kf6 108. Kf3 Ne6 109. Ke3 Ng5 110. Bd5 Ke7 111. Be4 Kd6 112. Bf5 Kd5 113. Bb1 Ke6 114. Ba2+ Kf6 115. Bb1 Ne6 116. Be4 Nc5 117. Bd5 Kf5 118. Ba2 Nb7 119. Bb1+ Kf6 120. Be4 Nd6 121. Bd5 Nf5+ 122. Kf3 Ne7 123. Be4 Nc8 124. Ke3 Nd6 125. Bd3 Nf5+ 126. Bxf5 Kxf5 127. Kf3 e4+ 128. Ke3 Ke5 129. Ke2 Kd5 130. Ke3 Ke5 131. Ke2 Kf4 132. Kf2 e3+ 133. Ke2 Ke4 134. Ke1 Kf3 135. Kf1 Kf4 136. Ke2 Ke4 137. Ke1 Kd5 138. Ke2 Kd4 139. Ke1 Ke4 140. Ke2 Kf4 141. Ke1 Kf3 142. Kf1 Kg3 143. Ke2 Kf4 144. Ke1 Ke4 145. Ke2 Kd4 146. Ke1 Kd3 147. Kd1 e2+ 148. Ke1 Ke3 1/2-1/2


[Site "https://www.chess.com"]

[Event "Titled Tuesday Blitz November 22 Late 2022"]
[White "Pinheiro, Iung Alicio de O."]
[Black "Gritsenko, Nikolai"]
[WhiteFideId "2104350"]
[BlackFideId "14112493"]
[WhiteElo "2283"]
[BlackElo "2389"]
[Result "0-1"]
[Round "08"]
[TimeControl "180+1"]
[Date "2022.11.23"]
[WhiteClock "0:00:05"]
[BlackClock "0:00:04"]

1. e4 d5 2. exd5 Nf6 3. d4 Nxd5 4. Nf3 Bf5 5. a3 e6 6. c4 Nb6 7. Nc3 Be7 8. Be3 O-O 9. Be2 a5 10. O-O Bf6 11. h3 h6 12. Qb3 Nc6 13. Rfd1 a4 14. Qa2 Bc2 15. d5 Bxd1 16. Rxd1 exd5 17. c5 Bxc3 18. bxc3 Nd7 19. Rxd5 Qe7 20. Nd4 Nf6 21. Rf5 Ne5 22. Qc2 Rfe8 23. Nb5 Nc6 24. Bf3 Rad8 25. Rf4 Nd5 26. Bxd5 Rxd5 27. Rf3 Ne5 28. Rf4 Rxc5 29. Bxc5 Qxc5 30. Nd4 Nc6 31. Qd2 Nxd4 32. cxd4 Qxa3 33. Rg4 Qd6 34. d5 a3 35. Ra4 b5 36. Ra7 b4 37. g3 b3 38. Rb7 b2 39. Qc2 g6 40. Kh2 Qxd5 41. Rxc7 Qf5 42. Qc6 Rf8 43. Qc5 Qxc5 44. Rxc5 b1=Q 45. Rc3 a2 46. Rf3 a1=Q 47. Kg2 Qh1# 0-1


[Site "https://www.chess.com"]

[Event "Titled Tuesday Blitz November 22 Late 2022"]
[White "Polster, Christian"]
[Black "Roque Sola, Jose Luis"]
[WhiteFideId "12965081"]
[BlackFideId "5120390"]
[WhiteElo "2209"]
[BlackElo "2117"]
[Result "1-0"]
[Round "08"]
[TimeControl "180+1"]
[Date "2022.11.23"]
[WhiteClock "0:00:08"]
[BlackClock "0:00:11"]

1. e4 e6 2. d4 d5 3. Nc3 Nf6 4. Bg5 dxe4 5. Nxe4 Be7 6. Bxf6 gxf6 7. Nf3 b6 8. Bb5+ c6 9. Bd3 Bb7 10. O-O Qc7 11. Re1 Nd7 12. a4 a5 13. Qd2 h5 14. c3 O-O-O 15. b4 Rdg8 16. bxa5 bxa5 17. h4 Rg4 18. Rab1 c5 19. Rxb7 Kxb7 20. Qb2+ Ka7 21. Qb5 Qb6 22. Qxd7+ Qb7 23. Qxb7+ Kxb7 24. dxc5 Rhg8 25. g3 f5 26. Nd6+ Bxd6 27. cxd6 Kc6 28. Ne5+ Kxd6 29. Nxg4 Rxg4 30. Bb5 f4 31. Kg2 fxg3 32. fxg3 f5 33. Kf3 e5 34. Rd1+ Kc5 35. Rd8 e4+ 36. Kf2 e3+ 37. Kf3 Re4 38. Ke2 Rg4 39. Kf3 Re4 40. Rc8+ Kb6 41. Rf8 e2 42. Bxe2 Rxa4 43. Rxf5 Ra3 44. Rxh5 Rxc3+ 45. Kf2 a4 46. g4 a3 47. Rh6+ Kc5 48. Ra6 Kb4 49. h5 Rc5 50. h6 Kb3 51. h7 Rc8 52. g5 a2 53. g6 Kb2 54. g7 a1=Q 55. Rxa1 Kxa1 56. h8=Q 1-0


[Site "https://www.chess.com"]